cohdb
Replays
Latest Replays
All Replays
Popular Replays
Top Player Replays
Match Explorer
How It Works
Community
CoH3 Stats
Reddit
Sign in to upload your games and track your stats! →
Sign in with Steam
Expose Toxic FLoppybob/cheddarblob
Match 40816555
Overview
Messages
Build Orders
End
Panzerpioneer Squad
Panzerpioneer Squad
Selects Panzerjäger Kommand Battlegroup
Selects Mine Fields
Panzergrenadier Squad
Construct Light Support Kompanie
Selects Tank Busters
Fire Support Elements
le.IG 18 Support Gun Team
Panzerjäger Squad
le.IG 18 Mechanized Group
2.5-tonne Medical Truck
Panzerjäger Squad
Drink||Chouchen
Overlord
FloppyBob
Shawman
BossManShaw
Herald of Salt
0
0
Comments
sign in to comment!
No comments posted yet!